 Dungeon Crawl Stone Soup version 0.29.0-11-gd7f09526c8 (webtiles) character file.

Game seed: 16322914975693187137

18 SensoryNuts the Shield-Bearer (level 2, 0/24 HPs)
             Began as a Formicid Fighter on Sept 2, 2022.
             Frozen to death by an endoplasm (4 damage)
             ... on level 2 of the Dungeon.
             The game lasted 00:00:38 (939 turns).

SensoryNuts the Shield-Bearer (Formicid Fighter)     Turns: 939, Time: 00:00:38

Health: 0/24       AC: 11    Str: 20    XL:     2   Next: 85%
Magic:  2/2        EV:  9    Int:  7    God:
Gold:   61         SH:  5    Dex: 13    Spells: 1/1 levels left

rFire   . . .      SeeInvis +   a - +0 flail
rCold   . . .      Faith    .   c - +0 buckler
rNeg    . . .      Spirit   .   b - +0 scale mail
rPois   .          Reflect  .   (helmet unavailable)
rElec   .          Harm     .   (no cloak)
rCorr   .          Rampage  .   (no gloves)
Will    .....                   (no boots)
Stlth   ..........              (no amulet)
HPRegen 0.08/turn               f - +4 ring of protection
MPRegen 0.08/turn               (no ring)

@: mighty
A: permanent stasis, dig shafts and tunnels, antennae 3, four strong arms
a: Dig, Shaft Self


You were on level 2 of the Dungeon.
You visited 1 branch of the dungeon, and saw 2 of its levels.

You collected 61 gold pieces.

Inventory:

Hand Weapons
 a - a +0 flail (weapon)
Armour
 b - a +0 scale mail (worn)
 c - a +0 buckler (worn)
Jewellery
 f - a +4 ring of protection (left hand)
 g - a ring of protection from cold
Scrolls
 e - 2 scrolls of identify {unknown}
 i - a scroll of blinking {unknown}
Potions
 d - a potion of might
 h - a potion of berserk rage {unknown}


   Skills:
 + Level 3.5 Fighting
 * Level 2.1 Maces & Flails
 + Level 3.7 Armour
 + Level 0.1 Dodging
 + Level 4.2 Shields


You had one spell level left.
You didn't know any spells.
Your spell library was empty.

Dungeon Overview and Level Annotations

Branches:
Dungeon (2/15)

Altars:


Innate Abilities, Weirdness & Mutations

You cannot be hasted, slowed, berserked, paralysed or teleported.
You can dig through walls and to a lower floor.
You have a pair of large antennae on your head. (SInv)
Your four strong arms can wield two-handed weapons with a shield.


Message History

You climb downwards.
There is a stone staircase leading up here.
Found a leather armour.
Found 2 boomerangs.
Found a stone staircase leading down.
You now have 61 gold pieces (gained 12).
You open the door.
Found a mace.
There is an open door here.
No target in view!
An adder comes into view.
The adder hisses angrily.
An endoplasm comes into view.
There are monsters nearby!
A worm comes into view.
Found a quarterstaff and 15 gold pieces.
The endoplasm quivers.
You barely miss the adder. The adder barely misses you.
You block the adder's attack.
You closely miss the adder. You block the adder's attack.
The adder barely misses you.
You barely miss the adder. The adder bites you but does no damage.
You closely miss the adder. The adder closely misses you.
The endoplasm freezes you.
You are frozen.
The adder bites you. The endoplasm hits you.
You closely miss the adder. The adder bites you.
The endoplasm barely misses you. The adder misses you.
You closely miss the adder. The adder barely misses you.
You block the endoplasm's attack. The worm barely misses you.
You hit the adder.
The adder is moderately wounded.
The adder bites you but does no damage. The endoplasm freezes you.
You are frozen.
You block the adder's attack. The worm bites you!
* * * LOW HITPOINT WARNING * * *
You block the endoplasm's attack.
You feel very mighty all of a sudden. The adder bites you but does no damage.
The endoplasm freezes you.
You are frozen.
You die...

.#.#.. ...
#$.)#.###..#
.#.#....#..#
#.#.#...#..#+####
#.......)......#
#...).........+
#...Sw........#
#...J@........#
#.........♣~~.#
###......P♣~~.#
##.......~~~♣
............##
########'#### #.#
#.# #.#


You could see a worm, an adder and an endoplasm.

Vanquished Creatures
  2 dart slugs (D:1)
  An endoplasm (D:1)
  2 giant cockroaches (D:1)
  A hobgoblin (D:1)
  4 ball pythons (D:1)
  3 bats (D:1)
  A frilled lizard (D:1)
14 creatures vanquished.

Notes
Turn   | Place    | Note
-------+----------+-------------------------------------------
     0 | D:1      | SensoryNuts the Formicid Fighter began the quest for the
                  | Orb.
     0 | D:1      | Reached XP level 1. HP: 18/18 MP: 1/1
   196 | D:1      | Reached XP level 2. HP: 19/24 MP: 2/2
   939 | D:2      | Frozen to death by an endoplasm

Illustrated notes

Levels and vault maps discovered:
D:1:      scummos_arrival_checkerplants, layout_basic
D:2:      layout_basic, hellmonk_ecumenical_altar_crossroads,
          serial_bayou_pond_e, minmay_tiny_reverse_x, uniq_robin

Action                   || total
-------------------------++-------
Melee: Flail             ||    48
  Use: Potion            ||     1
Armor: Scale mail        ||    24
Dodge: Dodged            ||    22
Block: Buckler           ||    15
